 Dungeon Crawl Stone Soup version 0.28-a0-657-g71136c5590 (webtiles) character file.

Game seed: 17582757834362553850

4410 freelancePsychic the Thaumaturge (level 10, -3/168 HPs)
             Began as a Djinni Cinder Acolyte on Oct 13, 2021.
             Was a High Priest of Ignis.
             Slain by a yak (6 damage)
             ... on level 1 of the Lair of Beasts.
             The game lasted 00:14:55 (10397 turns).

freelancePsychic the Thaumaturge (DjCA)            Turns: 10397, Time: 00:14:56

Health: -3/168     AC: 25    Str: 13    XL:     10   Next: 62%
Gold:   181        EV:  2    Int: 20    God:    Ignis [*****.] SH:  0 Dex:  8

rFire   + . .      SeeInvis .   n - +2 dagger (antimagic)
rCold   . . .      Faith    .   (no shield)
rNeg    . . .      Spirit   .   (armour currently unavailable)
rPois   ∞          Reflect  .   (helmet currently unavailable)
rElec   .          Harm     .   (cloak currently unavailable)
rCorr   .          Rampage  .   (gloves currently unavailable)
Will    +....      NoTele   +   (boots unavailable)
Stlth   ..........              (no amulet)
HPRegen 0.38/turn               (no ring)
MPRegen 0.00/turn               (no ring)

@: mighty, berserking, tree-form, very slightly contaminated, hasted, invisible,
very quick
A: stationary, stasis, torment immunity, boosted hp, sickness immunity, (fire
resistance 2), (cold vulnerability 1), float, innate caster, hp casting, extra
vitality 1
a: Renounce Religion, Sea of Fire, Foxfire Swarm, Rising Flame


You were on level 1 of the Lair of Beasts.
You worshipped Ignis.
Ignis was extremely pleased with you.
You were a tree.
You visited 2 branches of the dungeon, and saw 10 of its levels.

You collected 406 gold pieces.
You spent 225 gold pieces at shops.

Inventory:

Hand Weapons
 l - a +0 vorpal dagger
 n - a +2 antimagic dagger (weapon)
Missiles
 s - 5 throwing nets
Armour
 f - a +1 pair of gloves (melded)
 r - a scarf of repulsion (melded)
 u - the +4 ring mail of Calculation (melded) {Str+3}
   (You bought it in a shop on level 8 of the Dungeon)

   Str:       It affects your strength (+3).
Wands
 d - a wand of mindburst (16)
 i - a wand of flame (32)
Scrolls
 k - a scroll of magic mapping
 o - 2 scrolls of brand weapon
 t - a scroll of identify {@r1}
Potions
 a - 2 potions of might
 b - a potion of mutation {unknown}
 g - a potion of lignification
 h - a potion of invisibility
 j - 2 potions of curing {unknown}
 m - a potion of berserk rage
 p - a potion of brilliance


   Skills:
 + Level 7.0 Fighting
 - Level 5.0 Short Blades
 + Level 3.9 Dodging
 - Level 5.0 Stealth
 + Level 8.5 Spellcasting


You had 16 spell levels left.
You knew the following spells:

 Your Spells              Type           Power      Damage    Failure   Level
a - Scorch                Fire           84%        2d9       1%          2
b - Summon Guardian Gole  Hex/Summ       42%        N/A       1%          3
c - Blink                 Tloc           N/A        N/A       1%          2
d - Ensorcelled Hibernat  Hex/Ice        84%        N/A       1%          2
e - Animate Skeleton      Necr           84%        N/A       1%          1
Your spell library was empty.

Dungeon Overview and Level Annotations

Branches:
Dungeon (9/15)             Temple (0/1) D:6            Lair (1/6) D:8
    Orc: D:9-12

Altars:
Dithmenos
Elyvilon
Fedhas
Okawaru
Ru
Vehumet
Yredelemnul

Shops:
D:8 [

Annotations:
D:9 Prince Ribbit


Innate Abilities, Weirdness & Mutations

You are a tree.
Your roots penetrate the ground, keeping you stationary.
You cannot be teleported.
You are immune to unholy pain and torment.
Your maximum health is greatly increased.
Your equipment is partially melded.
You are immune to sickness and miasma.
You are immune to poison.
((Your flesh is very heat resistant. (rF++)))
((You are vulnerable to cold. (rC-)))
You float through the air rather than walking.
You learn spells naturally, not from books.
Your magical power is your life essence.
You have superior vitality. (+4 HP)


Message History

The black mamba bites you.
* * * LOW HITPOINT WARNING * * *
You puncture the black mamba!
The black mamba is severely wounded.
The yak completely misses you. The yak gores you.
* * * LOW HITPOINT WARNING * * *
The black mamba bites you but does no damage.
You puncture the black mamba!
The black mamba is almost dead.
The yak gores you but does no damage.
The black mamba bites you but does no damage.
You closely miss the black mamba.
The black mamba is almost dead.
The yak gores you but does no damage.
You hit the black mamba.
The black mamba is almost dead.
The black mamba bites you.
* * * LOW HITPOINT WARNING * * *
The yak barely misses you. x2
You puncture the black mamba!
You kill the black mamba!
The yak gores you but does no damage.
Your Fighting skill increases to level 7!
You puncture the yak!
The yak is moderately wounded.
You strike the helpless yak from behind!
You puncture the yak!
The yak is severely wounded.
The yak gores you but does no damage. The yak gores you.
* * * LOW HITPOINT WARNING * * *
You puncture the yak!
The yak is almost dead.
The yak gores you.
* * * LOW HITPOINT WARNING * * *
You are too injured to fight recklessly!
You are too berserk!
You puncture the yak!
You kill the yak!
The yak gores you but does no damage. The yak gores you.
You die...

.... ... ...
#... .. ...
#...###+P##.##.
#..............
.#.#.#.#......+
..............#
D#.#.#.#/.....#.
........Y......
#.#.#.#♣######.
......YYY......
#.#.#?#........
........########
.#.#.#.# ....
#.# ..


You could see 4 yaks.

Vanquished Creatures
  A black mamba (Lair:1)
  A yak (Lair:1)
  A human (D:8)
  2 water moccasins
  2 black bears
  2 sky beasts
  A centaur (D:7)
  6 wolves
  A phantom (D:5)
  2 kobold brigands (D:7)
  3 bullfrogs
  2 gnoll sergeants (D:8)
  A wyvern zombie (D:5)
  2 scorpions
  3 killer bees (D:8)
  A howler monkey (D:8)
  7 wights
  A centaur zombie (D:4)
  7 hounds
  An iguana (D:5)
  4 orc priests
  A gnoll shaman (D:8)
  A centaur skeleton (D:7)
  5 orc wizards
  2 killer bee zombies
  2 hound skeletons (D:4)
  2 howler monkey zombies
  16 gnolls
  3 adders
  2 white imps (D:7)
  An ufetubus (D:4)
  A dart slug (D:2)
  9 orcs
  3 bats (D:1)
  4 endoplasms
  2 giant cockroaches (D:3)
  8 goblins
  2 hobgoblins
  2 jackals (D:8)
  2 quokkas
  5 ball pythons
  4 frilled lizards
  7 kobolds
  2 rats
137 creatures vanquished.

Vanquished Creatures (others)
  A human (D:8)
  7 wolves (Lair:1)
  A gnoll (D:8)
  A jackal (D:8)
  31 foxfires
  7 fungi
  9 plants
57 creatures vanquished.

Grand Total: 194 creatures vanquished

Notes
Turn   | Place    | Note
-------+----------+-------------------------------------------
     0 | D:1      | freelancePsychic the Djinni Cinder Acolyte began the quest
                  | for the Orb.
     0 | D:1      | Reached XP level 1. HP: 20/20 MP: 0/0
   279 | D:1      | Reached XP level 2. HP: 25/25 MP: 0/0
   388 | D:1      | Noticed a shining eye
   390 | D:1      | Found a faded altar of an unknown god.
   391 | D:1      | Noticed a floating eye
   391 | D:1      | Noticed a golden eye
   391 | D:1      | Noticed a floating eye
  1171 | D:2      | Reached XP level 3. HP: 30/30 MP: 0/0
  1171 | D:2      | Learned a level 1 spell: Animate Skeleton
  1341 | D:2      | Reached skill level 3 in Spellcasting
  2201 | D:3      | Reached XP level 4. HP: 32/35 MP: 0/0
  2395 | D:3      | You are sucked into a shaft and drop 1 floor!
  2601 | D:4      | Reached XP level 5. HP: 17/41 MP: 0/0
  2601 | D:4      | Learned a level 2 spell: Blink
  3250 | D:4      | Reached skill level 4 in Spellcasting
  3535 | D:4      | Reached XP level 6. HP: 38/47 MP: 0/0
  3727 | D:4      | Found a sacrificial altar of Ru.
  3823 | D:5      | Entered Level 5 of the Dungeon
  3879 | D:5      | Noticed a sky beast
  3888 | D:5      | Killed a sky beast
  4161 | D:5      | Reached XP level 7. HP: 26/53 MP: 0/0
  4161 | D:5      | Learned a level 2 spell: Ensorcelled Hibernation
  4541 | D:5      | Reached skill level 5 in Fighting
  4541 | D:5      | Reached skill level 5 in Spellcasting
  4874 | D:5      | Reached skill level 1 in Stealth
  5313 | D:6      | Found a staircase to the Ecumenical Temple.
  5333 | D:6      | Reached XP level 8. HP: 27/60 MP: 0/0
  6354 | D:6      | Reached skill level 6 in Spellcasting
  7027 | D:7      | Reached XP level 9. HP: 63/66 MP: 0/0
  7027 | D:7      | Learned a level 3 spell: Summon Guardian Golem
  7722 | D:7      | Found a blossoming altar of Fedhas.
  7722 | D:7      | Found a basalt altar of Yredelemnul.
  7723 | D:7      | Found a shadowy altar of Dithmenos.
  7730 | D:7      | Found a white marble altar of Elyvilon.
  7819 | D:8      | Found a staircase to the Lair.
  7834 | D:8      | Reached skill level 7 in Spellcasting
  8911 | D:8      | Found an iron altar of Okawaru.
  9162 | D:8      | Reached skill level 5 in Short Blades
  9162 | D:8      | Reached XP level 10. HP: 70/72 MP: 0/0
  9384 | D:8      | Found Zopawo's Antique Armour Shoppe.
  9388 | D:8      | Bought a scorched ring mail for 225 gold pieces
  9388 | D:8      | Identified the +4 ring mail of Calculation {Str+3} (You
                  | bought it in a shop on level 8 of the Dungeon)
  9585 | D:8      | Reached skill level 5 in Stealth
  9735 | D:8      | Reached skill level 8 in Spellcasting
  9812 | D:9      | Noticed Prince Ribbit
  9812 | D:9      | Noticed a two-headed ogre
  9815 | D:9      | HP: 2/72 [two-headed ogre (19)]
 10196 | Lair:1   | Entered Level 1 of the Lair of Beasts
 10196 | Lair:1   | Noticed a komodo dragon
 10326 | Lair:1   | Reached skill level 1 in Dodging
 10374 | Lair:1   | Noticed a six-headed hydra
 10379 | Lair:1   | Noticed a black mamba
 10389 | Lair:1   | HP: 6/163 [yak (4)]
 10393 | Lair:1   | Killed a black mamba
 10395 | Lair:1   | HP: 3/168 [yak (1)]
 10397 | Lair:1   | Slain by a yak

Illustrated notes

Levels and vault maps discovered:
D:1:      psy_arrival_basics, layout_basic,
          hellmonk_ecumenical_altar_watching_god
D:2:      layout_basic, kennysheep_another_room
D:3:      minmay_skewed_foursquare, layout_basic
D:4:      layout_loops_ring, nicolae_ru_the_path_less_chosen,
          vehumet_altar_wand_db, feat_on_display
D:5:      layout_basic
D:6:      layout_loops_cross, minmay_temple_entry_purple_smoke, minivault_5
D:7:      layout_cave_pools, nicolae_overflow_quartered_altars
D:8:      layout_cave_pools, okawaru_humans, lair_entry_dummy,
          serial_gnoll_camp, gnoll_camp_mini_sergeant, gnoll_camp_mini_shop,
          gnoll_camp_medium_01, gnoll_camp_mini_doghouse
D:9:      layout_rooms, nicolae_wu_jian_glorious_leap,
          grunt_temple_overflow_cloverleaf, gammafunk_ghost_abyssal_escape,
          serial_shops, shop, uniq_prince_ribbit1
Lair:1:   layout_regular_city, hangedman_tree_tricks, st_stairs_10,
          grunt_forest_large_clearings

Skill      XL: |  1  2  3  4  5  6  7  8  9 10 |
---------------+-------------------------------+-----
Spellcasting   | 3 4 5 6 7 8 |  8.5
Fighting       | 4 5 7 |  7.0
Stealth        | 1 3 4 5 |  5.0
Short Blades   | 3 5 |  5.0
Dodging        | 3 |  3.9

Action                   |  1- 3 |  4- 6 |  7- 9 | 10-12 || total
-------------------------+-------+-------+-------+-------++-------
Melee: Short sword       |    75 |       |     1 |       ||    76
       Dagger            |       |       |    17 |    19 ||    36
 Cast: Scorch            |     7 |    52 |   136 |    32 ||   227
       Ensorcelled Hiber |       |       |    27 |    14 ||    41
       Summon Guardian G |       |       |     6 |     4 ||    10
Invok: Foxfire Swarm     |       |       |     2 |       ||     2
  Use: Scroll            |     1 |     3 |     7 |     2 ||    13
       Potion            |       |     1 |     1 |     5 ||     7
 Stab: Sleeping          |       |       |    13 |     6 ||    19
       Invisible         |       |       |       |     1 ||     1
Armor: Robe              |    18 |     3 |     1 |       ||    22
       Leather armour    |       |       |    37 |     3 ||    40
       Skin              |       |       |       |    17 ||    17
       Ring mail         |       |       |       |     6 ||     6
Dodge: Dodged            |    39 |     9 |    66 |    22 ||   136
       Repelled          |       |       |     1 |       ||     1

Table legend: (Time is in decaauts)
 A = Elapsed time spent in this place.
 B = Non-inter-level travel time spent in this place.
 C = Inter-level travel time spent in this place.
 D = Time resting spent in this place.
 E = Time spent auto-exploring this place.
 F = Levels seen in this place.
 G = Mean time per level.
                   A        B        C        D        E       F      G
               +--------+--------+--------+--------+--------+-----+--------+
         Total |  10373 |   9846 |    527 |   1576 |   7097 |  10 | 1037.3 |
       Dungeon |  10182 |   9655 |    527 |   1520 |   7069 |   9 | 1131.3 |
          Lair |    191 |    191 |      0 |     56 |     28 |   1 |  191.0 |
               +--------+--------+--------+--------+--------+-----+--------+

Top non-repeatable levels by time:
     D:8: 2097 daAuts
     D:5: 1916 daAuts
     D:4: 1452 daAuts
     D:7: 1274 daAuts
     D:2: 1154 daAuts
     D:1: 1037 daAuts
     D:6: 1027 daAuts
     D:3: 216 daAuts
  Lair:1: 191 daAuts
     D:9: 5 daAuts
